 Dungeon Crawl Stone Soup version 0.29-a0-813-g4a14ea37d6 (webtiles) character file.

Game seed: 16020881066114975562

39 lesbiats the Ducker (level 3, 17/17 HPs)
             Began as a Felid Berserker on July 4, 2022.
             Was a Follower of Trog.
             Quit the game on level 3 of the Dungeon.
             The game lasted 00:12:17 (3416 turns).

lesbiats the Ducker (Felid Berserker)               Turns: 3416, Time: 00:12:18

Health: 17/17      AC:  1    Str: 15    XL:     3   Next: 28%
Magic:  4/4        EV: 19    Int:  8    God:    Trog [*.....]
Gold:   76         SH:  5    Dex: 15    Spells: 2/2 levels left
                                        Lives:  0   Deaths: 1

rFire   . . .      SeeInvis +     - Unarmed
rCold   . . .      Faith    .   (shield unavailable)
rNeg    + . .      Spirit   .   (body armour unavailable)
rPois   .          Reflect  +   (helmet unavailable)
rElec   .          Harm     .   (cloak unavailable)
rCorr   .          Rampage  .   (gloves unavailable)
Will    .....                   (boots unavailable)
Stlth   ++........              n - amulet of reflection
HPRegen 0.05/turn               j - ring of positive energy
MPRegen 0.09/turn               (no ring)

@: quick
A: very small, claws 1, fangs 3, see invisible, speed 1, shaggy fur 1, stealthy
paws, no weapons or thrown items, no armour, multi-lived
a: Renounce Religion, Berserk


You were on level 3 of the Dungeon.
You worshipped Trog.
Trog was aware of your devotion.
You visited 1 branch of the dungeon, and saw 3 of its levels.

You collected 76 gold pieces.

Inventory:

Hand Weapons
 r - a +0 dagger
Jewellery
 j - a ring of positive energy (left paw)
 k - a ring of magical power
 n - an amulet of reflection (around neck)
Scrolls
 a - 4 scrolls of identify {unknown}
 e - a scroll of vulnerability {unknown}
 g - 3 scrolls of teleportation {unknown}
 h - a scroll of magic mapping {unknown}
 i - a scroll of enchant armour {unknown}
 o - 3 scrolls of immolation {unknown}
 q - a scroll of blinking {unknown}
 s - a scroll of poison {unknown}
Potions
 b - 2 potions of ambrosia {unknown}
 c - a potion of might {unknown}
 d - 2 potions of curing {unknown}
 f - 3 potions of attraction {unknown}
 l - a potion of berserk rage {unknown}
 m - a potion of brilliance {unknown}
 p - 2 potions of heal wounds {unknown}
 t - 2 potions of resistance {unknown}


   Skills:
 + Level 3.5 Fighting
 + Level 5.0 Dodging
 + Level 1.9 Stealth
 * Level 3.8 Unarmed Combat


You had 2 spell levels left.
You didn't know any spells.
Your spell library was empty.

Dungeon Overview and Level Annotations

Branches:
Dungeon (3/15)

Altars:


Innate Abilities, Weirdness & Mutations

You have sharp claws.
You have razor-sharp teeth.
You have supernaturally acute eyesight. (SInv)
You cover ground quickly. (Speed+)
You are covered in fur. (AC +1)
Your paws help you pounce on unaware monsters.
You are incapable of wielding weapons or throwing items.
You cannot wear armour.
You gain extra lives every three experience levels.


Message History

You block the gnoll's attack. The gnoll misses you.
The gnoll hits you from afar with a +0 spear.
You block the gnoll's attack.
You claw the gnoll bouda! You bite the gnoll bouda.
The gnoll bouda is almost dead.
The gnoll hits you with a +0 flail.
You barely miss the gnoll bouda.
You bite the gnoll bouda, but do no damage.
The gnoll bouda is almost dead.
The gnoll bouda prays to its god.
The gnoll bouda is healed somewhat.
The gnoll completely misses you. x3
You are no longer berserk.
You are exhausted.
You feel yourself slow down.
You scratch the gnoll. You bite the gnoll, but do no damage.
The gnoll is almost dead.
You block the gnoll's attack. The gnoll barely misses you.
The gnoll misses you. The gnoll bouda closely misses you.
You scratch the gnoll.
You kill the gnoll!
Trog accepts your kill. The gnoll hits you with a +0 club.
The gnoll misses you. You block the gnoll bouda's attack.
You scratch the hobgoblin.
You kill the hobgoblin!
Trog accepts your kill. The gnoll hits you with a +0 club!
You die...
The gnoll hits you from afar with a +0 halberd!
You block the gnoll bouda's attack. The gnoll misses you.
The gnoll closely misses you.
The gnoll bouda gazes fiercely through you!
You feel your attacks grow feeble.
The gnoll bouda hits you with a +0 whip!
You are now level 3!
You rejoin the land of the living...
Found a runed short sword.
Unknown command.
Are you sure you want to abandon this character and quit the game? (Confirm with "yes".)

.......# #.....##
#.....## .......#
.......# .......# #
#...)..########### ...
.........|.......##.....
...####.########@.......
#..# #.# ###.....) ..##
#.# ..... .## #.# ....
.# #.# ... ## #.## .. #
#..# # # ##.# #.#


There were no monsters in sight!

Vanquished Creatures
  3 adders (D:2)
  A gnoll (D:3)
  2 dart slugs (D:2)
  5 ball pythons
  4 bats
  4 endoplasms
  2 giant cockroaches (D:1)
  3 goblins
  9 hobgoblins
  2 kobolds (D:2)
  2 quokkas (D:3)
  3 frilled lizards (D:2)
  3 rats
43 creatures vanquished.

Vanquished Creatures (others)
  A plant (D:3)
1 creature vanquished.

Grand Total: 44 creatures vanquished

Notes
Turn   | Place    | Note
-------+----------+-------------------------------------------
     0 | D:1      | lesbiats the Felid Berserker began the quest for the Orb.
     0 | D:1      | Reached XP level 1. HP: 10/10 MP: 2/2
   711 | D:1      | Reached XP level 2. HP: 14/14 MP: 3/3
   718 | D:1      | Reached * piety under Trog
  1040 | D:1      | Reached skill level 1 in Stealth
  1598 | D:2      | Reached XP level 3. HP: 9/17 MP: 4/4
  1824 | D:2      | Identified the +3 mace "Jiqiy" {vamp, Str+7}
  2297 | D:2      | Reached skill level 5 in Dodging
  2519 | D:2      | Noticed a golden eye
  2578 | D:2      | Reached XP level 4. HP: 17/21 MP: 5/5
  2636 | D:2      | Found a faded altar of an unknown god.
  2652 | D:2      | Noticed an eye of devastation
  3415 | D:3      | Slain by a gnoll
  3416 | D:3      | Reached XP level 3. HP: -1/17 MP: 4/4
  3416 | D:3      | Quit the game

Illustrated notes

Levels and vault maps discovered:
D:1:      dpeg_arrival_shelter, layout_basic
D:2:      layout_basic, hellmonk_ecumenical_altar_watching_god,
          roderic_serpentine_path
D:3:      layout_rooms, nzn_overflow_gifts_of_might_and_magic,
          nicolae_grassy_gnolls

Skill      XL: |  1  2  3 |
---------------+----------+-----
Stealth        | 1 |  1.9
Dodging        | 5 |  5.0
Fighting       | |  3.5
Unarmed Combat | |  3.8

Action                   |  1- 3 |  4- 6 || total
-------------------------+-------+-------++-------
Melee: Unarmed           |    88 |    28 ||   116
       Bite              |     3 |     4 ||     7
       Punch             |     1 |       ||     1
Invok: Berserk           |    11 |     1 ||    12
 Stab: Sleeping          |     1 |     2 ||     3
Armor: Skin              |     5 |     2 ||     7
Dodge: Dodged            |    77 |    23 ||   100
Block: Other             |     3 |    10 ||    13

Table legend: (Time is in decaauts)
 A = Elapsed time spent in this place.
 B = Non-inter-level travel time spent in this place.
 C = Inter-level travel time spent in this place.
 D = Time resting spent in this place.
 E = Time spent auto-exploring this place.
 F = Levels seen in this place.
 G = Mean time per level.
                   A        B        C        D        E       F      G
               +--------+--------+--------+--------+--------+-----+--------+
         Total |   3168 |   3110 |     58 |   1512 |    815 |   3 | 1056.0 |
       Dungeon |   3168 |   3110 |     58 |   1512 |    815 |   3 | 1056.0 |
               +--------+--------+--------+--------+--------+-----+--------+

Top non-repeatable levels by time:
     D:2: 1476 daAuts
     D:1: 1384 daAuts
     D:3: 307 daAuts
